 Dungeon Crawl Stone Soup version 0.26.0-10-g1f06aea511 (webtiles) character file.

Game seed: 2955735856784899045

1141 Borgoz the Slasher (level 8, -1/67 HPs)
             Began as a Ghoul Gladiator on Jan 15, 2021.
             Was an Initiate of Ashenzari.
             Slain by an elf zombie (5 damage)
             ... in an ossuary.
             The game lasted 00:09:05 (4447 turns).

Borgoz the Slasher (Ghoul Gladiator)                Turns: 4447, Time: 00:09:06

Health: -1/67      AC: 15    Str: 18    XL:     8   Next: 37%
Magic:  7/7        EV: 12    Int:  3    God:    Ashenzari [......]
Gold:   258        SH:  0    Dex: 12    Spells: 7/7 levels left

rFire    . . .     SeeInvis .   a - +1 long sword
rCold    + . .     Faith    .   (no shield)
rNeg     + + +     Spirit   .   p - +0 ring mail
rPois    ∞         Reflect  .   c - +0 helmet
rElec    .         Harm     .   m - +2 cloak {rCorr} (curse)
rCorr    +         Rampage  .   (no gloves)
Will     .....                  s - +0 pair of boots (curse)
Stlth    ++........             (no amulet)
HPRegen  0.00/turn              h - ring of stealth
MPRegen  0.10/turn              f - +4 ring of protection

@: mighty, marked, attractive
A: claws 1, cold resistance 1, negative energy resistance 3, inhibited
regeneration, torment resistance, unbreathing
a: Renounce Religion, Curse Item


You were in an ossuary.
You worshipped Ashenzari.
Ashenzari was noncommittal.
You visited 2 branches of the dungeon, and saw 6 of its levels.
You also visited: Ossuary.

You collected 258 gold pieces.

Inventory:

Hand Weapons
 a - a +1 long sword (weapon)
Missiles
 d - 3 throwing nets (quivered)
Armour
 c - a +0 helmet (worn)
 m - a cursed +2 cloak of preservation (worn)
 p - a +0 ring mail (worn)
 s - a cursed +0 pair of boots (worn)
Jewellery
 f - a +4 ring of protection (right claw)
 h - a ring of stealth (left claw)
 o - a +6 ring of intelligence
Scrolls
 b - a scroll of fear {unknown}
 e - 3 scrolls of teleportation
 j - 4 scrolls of remove curse
 q - a scroll of random uselessness {unknown}
 r - a scroll of enchant weapon
Potions
 i - a potion of lignification {unknown}
 k - 3 potions of might
 l - a potion of magic {unknown}
 n - a potion of flight {unknown}
 u - a potion of haste {unknown}


   Skills:
 + Level 4.7 Fighting
 * Level 5.8 Long Blades
 - Level 1.7 Throwing
 * Level 4.9 Armour
 + Level 4.3 Dodging


You had 7 spell levels left.
You didn't know any spells.
Your spell library was empty.

Dungeon Overview and Level Annotations

Branches:
Dungeon (5/15)             Temple (1/1) D:4         Ossuary (1/1)

Altars:
Ashenzari
Elyvilon
Kikubaaqudgha
Nemelex Xobeh
Okawaru
Sif Muna
Trog
Vehumet
Wu Jian
The Shining One


Innate Abilities, Weirdness & Mutations

You thrive by killing the living.
You are immune to poison.
You have sharp fingernails.
Your flesh is cold resistant. (rC+)
You are immune to negative energy. (rN+++)
You do not regenerate when monsters are visible.
You are immune to unholy pain and torment.
You can survive without breathing.


Message History

The hobgoblin zombie is pulled toward you!
The orc zombie hits you.
* * * LOW HITPOINT WARNING * * *
The elf zombie hits you but does no damage.
The orc zombie closely misses you.
The hobgoblin zombie is pulled toward you! x2
The hobgoblin zombie barely misses you.
You riposte.
You slash the hobgoblin zombie!
You destroy the hobgoblin zombie!
The hobgoblin zombie is pulled toward you! x2
The hobgoblin zombie is pulled toward you!
The adder zombie is pulled toward you!
The hobgoblin zombie is pulled toward you!
You slash the orc zombie!
The orc zombie is almost destroyed.
The orc zombie hits you.
* * * LOW HITPOINT WARNING * * *
The elf zombie is pulled toward you! The elf zombie hits you.
You die...

####################
........∩∩.........#
...................#
..##############...#
..# #...# ..# #...#
..# ....'####@..#
..# #.∩.....#ZZ.#
..# #.......#ZZ.#
..# #.......#Z.Z#
..# ###Z.Z...


#ZZZ# ..# .ZZ.Z. #...# ..# #.Z# #...# ..# #..# #...# ..# #..# #...# You could
see an adder zombie, 3 hobgoblin zombies, a big kobold zombie, an orc zombie and
3 elf zombies.

Vanquished Creatures
  Sigmund (D:2)
  Eustachio (D:5)
  A necrophage (D:5)
  An ogre (D:4)
  A scorpion (D:4)
  A howler monkey (D:4)
  2 centaur zombies (Ossuary)
  A hound (D:5)
  Crazy Yiuf (D:2)
  An iguana (D:4)
  5 worker ants (D:4)
  Terence (D:2)
  2 mummies (Ossuary)
  A worker ant zombie (D:5)
  4 gnolls (D:3)
  8 adders
  An ufetubus (D:5)
  2 oozes
  An adder zombie (Ossuary)
  2 adder skeletons (D:4)
  5 dart slugs
  10 orcs
  A ball python (D:2)
  4 giant cockroaches
  11 goblins
  4 hobgoblins
  4 jackals (D:4)
  3 quokkas
  14 bats
  5 frilled lizards
  A goblin zombie (Ossuary)
  5 hobgoblin zombies (Ossuary)
  A jackal zombie (Ossuary)
  11 kobolds
  10 kobold zombies (Ossuary)
  A leopard gecko skeleton (D:5)
  7 orc zombies (Ossuary)
  A quokka skeleton (D:5)
  11 rats
  A rat zombie (Ossuary)
148 creatures vanquished.

Notes
Turn   | Place    | Note
-------+----------+-------------------------------------------
     0 | D:1      | Borgoz the Ghoul Gladiator began the quest for the Orb.
     0 | D:1      | Reached XP level 1. HP: 17/17 MP: 0/0
    92 | D:1      | Reached XP level 2. HP: 25/25 MP: 1/1
   123 | D:1      | Reached skill level 1 in Armour
   135 | D:1      | Reached skill level 3 in Long Blades
   326 | D:1      | Reached XP level 3. HP: 24/30 MP: 2/2
   850 | D:2      | Reached XP level 4. HP: 36/37 MP: 3/3
  1161 | D:2      | Noticed Sigmund
  1176 | D:2      | Killed Sigmund
  1177 | D:2      | Reached skill level 4 in Long Blades
  1177 | D:2      | Reached XP level 5. HP: 27/45 MP: 4/4
  1316 | D:2      | Reached XP level 6. HP: 51/51 MP: 5/5
  1385 | D:2      | Found a runed translucent door.
  1386 | D:2      | Noticed Crazy Yiuf
  1632 | D:2      | Noticed Terence
  1641 | D:2      | Killed Terence
  1838 | D:2      | Killed Crazy Yiuf
  2939 | D:4      | Reached XP level 7. HP: 54/58 MP: 6/6
  3060 | D:4      | Found a staircase to the Ecumenical Temple.
  3067 | Temple   | Entered the Ecumenical Temple
  3169 | Temple   | Became a worshipper of Ashenzari the Shackled
  3371 | D:4      | Reached skill level 5 in Long Blades
  3981 | D:5      | Entered Level 5 of the Dungeon
  4075 | D:5      | Reached XP level 8. HP: 67/67 MP: 7/7
  4098 | D:5      | Noticed Eustachio
  4132 | D:5      | Killed Eustachio
  4215 | D:5      | Found a sand-covered staircase.
  4222 | Ossuary  | Entered an ossuary
  4447 | Ossuary  | Slain by an elf zombie

Illustrated notes

Levels and vault maps discovered:
D:1:      lightli_arrival_quake, layout_rooms
D:2:      layout_loops_ring, minmay_tall_x, uniq_terence,
          uniq_crazy_yiuf_cottage, uniq_sigmund
D:3:      layout_loops_ring
D:4:      minmay_chambers_of_twos, layout_gridville,
          minmay_temple_entry_mini_moons, st_stairs_5
D:5:      layout_loops_cross, chequers_ossuary_entry_cave, chei_slow_surprise,
          uniq_eustachio
Temple:   zaba_magenta_temple
Ossuary:  ossuary_tomb_1

Skill      XL: |  1  2  3  4  5  6  7 |
---------------+----------------------+-----
Armour         | 1 2 3 4 |  4.9
Long Blades    | 3 4 5 |  5.8
Dodging        | 3 4 |  4.3
Fighting       | 3 4 |  4.7
Throwing       | |  1.7

Action                   |  1- 3 |  4- 6 |  7- 9 || total
-------------------------+-------+-------+-------++-------
Melee: Long sword        |    88 |   166 |   219 ||   473
Invok: Curse Item        |       |       |     1 ||     1
  Use: Scroll            |     5 |     4 |     1 ||    10
       Potion            |       |     1 |     3 ||     4
 Stab: Sleeping          |       |    10 |     1 ||    11
Armor: Leather armour    |    33 |    44 |       ||    77
       Ring mail         |       |     3 |   138 ||   141
Dodge: Dodged            |    76 |   137 |   162 ||   375
       Rpst.: Long sword |    20 |    46 |    55 ||   121
